Map: Frost LE

Players

Miszu - Winner!

  • Race: Terran Terran
  • League: Master

YellowFox

  • Race: Zerg Zerg
  • League: Master

VOD

Have the link to the VOD?

Description

Time

  • Played on: July 4, 2016, 4:15 p.m.
  • Length: 19:57
Show
View Real Time Build Order
Export as new Build Order

Miszu Terran - Winner!

Build Orders: Reaper Expand 

Get SALT Encoding   

  12  0:01  SCV  
  13  0:13  SCV  
  14  0:18  Supply Depot  
  14  0:26  SCV  
  15  0:40  Barracks, SCV  
  16  0:47  Refinery  
  16  0:52  SCV  
  17  1:04  SCV  
  18  1:16  SCV  
  19  1:29  Orbital Command  
  19  1:30  Reaper  
  20  1:40  Command Center  
  20  1:53  Supply Depot  
  20  1:54  SCV  
  21  2:03  Barracks Reactor  
  21  2:06  SCV  
  22  2:14  Refinery  
  22  2:18  SCV  
  23  2:25  Factory  
  23  2:30  SCV  
  24  2:39  Marine x2  
  24  2:43  SCV  
  27  2:54  Orbital Command  
  27  2:56  Marine x2  
  29  2:58  Supply Depot  
  29  2:59  SCV  
  30  3:10  Starport  
  30  3:11  SCV, Factory Reactor  
  31  3:14  Marine x2  
  33  3:20  SCV  
  33  3:23  SCV  
  34  3:32  Marine x2, SCV  
  37  3:35  SCV  
  38  3:44  SCV  
  38  3:47  SCV  
  40  3:52  Marine  
  40  3:53  Marine  
  42  3:56  Medivac x2, SCV  
  42  3:57  Widow Mine  
  42  4:00  SCV  
  49  4:04  Supply Depot  
  49  4:12  Command Center  
  49  4:13  Marine  
  49  4:14  Marine, SCV  
  52  4:19  SCV  
  52  4:22  Refinery  
  52  4:23  Refinery  
  53  4:25  Supply Depot, Liberator x2  
  53  4:34  Marine x2  
  53  4:37  Factory Tech Lab  
  55  4:39  SCV  
  62  4:46  SCV  
  62  4:50  Supply Depot  
  62  4:51  SCV  
  64  4:56  Siege Tank  
  64  4:58  SCV  
  68  5:03  SCV  
  68  5:05  Supply Depot  
  69  5:10  SCV  
  69  5:14  Marine x2  
  71  5:15  SCV  
  73  5:22  SCV  
  73  5:23  Engineering Bay x2  
  73  5:27  SCV  
  75  5:28  Siege Tank  
  75  5:32  Reaper  
  75  5:35  SCV, Orbital Command  
  80  5:49  Marine  
  77  5:51  SCV x2  
  77  5:56  Terran Infantry Weapons Level 1, Terran Infantry Armor Level 1  
  77  5:58  Barracks  
  77  5:59  Barracks  
  77  6:01  SCV  
  77  6:03  Marine  
  71  6:11  Marine  
  71  6:13  SCV x2  
  73  6:21  Marine  
  73  6:26  Orbital Command  
  73  6:27  Barracks  
  73  6:28  Barracks  
  73  6:29  Marine  
  74  6:39  Marine  
  72  6:41  Supply Depot  
  72  6:43  Armory  
  72  6:44  SCV x2  
  74  6:47  Marine  
  74  6:49  Barracks Tech Lab x2  
  75  6:54  Orbital Command  
  75  6:55  Barracks  
  75  6:57  Marine, Barracks x2  
  75  7:00  Medivac x2  
  80  7:05  Marine  
  80  7:07  SCV x2  
  83  7:11  Supply Depot, Marine  
  83  7:12  Supply Depot, Marine  
  83  7:13  Siege Tank  
  88  7:19  SCV x2  
  88  7:20  SCV  
  88  7:25  Marine x2  
  88  7:26  Barracks Reactor x2  
  88  7:27  Stimpack, Combat Shields  
  90  7:30  Medivac x2  
  90  7:31  SCV x2  
  90  7:33  SCV  
  90  7:35  Bunker  
  97  7:37  Refinery  
  97  7:39  Marine x2  
  97  7:43  Marine  
  100  7:44  Barracks Reactor  
  100  7:45  Barracks Reactor, Refinery  
  100  7:47  Barracks Tech Lab x2  
  100  7:55  Terran Infantry Armor Level 2  
  100  8:04  Marine x2  
  102  8:07  Marine x4  
  102  8:08  Supply Depot, Marine x2  
  102  8:09  Supply Depot, Marine x2  
  110  8:13  Terran Infantry Weapons Level 2  
  110  8:22  Marine  
  110  8:25  Marine x7  
  110  8:26  Medivac  
  112  8:27  Medivac  
  112  8:30  Marine  
  112  8:31  Marine x3  
  118  8:43  Marine x2  
  118  8:44  Marine x6  
  126  8:49  Marauder  
  126  8:52  Supply Depot, Liberator  
  126  8:57  Liberator  
  125  9:06  Marauder  
  125  9:07  Marauder x2  
  125  9:09  Command Center  
  137  9:18  Supply Depot  
  137  9:21  Supply Depot  
  137  9:27  SCV x3  
  140  9:35  Liberator  
  140  9:39  SCV x3, Liberator  
  143  9:47  Marauder x2  
  119  10:08  Marine x11, Marauder  
  125  10:17  Terran Infantry Armor Level 3, Liberator  
  118  10:22  Liberator  
  118  10:25  Marine  
  118  10:26  Marine x10  
  127  10:29  Marine  
  113  10:43  Marine  
  113  10:44  Marine x10  
  113  10:47  Marine  
  113  10:48  Starport  
  125  11:01  Marine  
  125  11:02  Marine x4  
  130  11:05  Liberator  
  130  11:16  Marine  
  130  11:17  Command Center, Medivac, Marauder x3  
  138  11:18  Marine  
  138  11:19  Marauder  
  144  11:29  Starport Reactor  
  144  11:31  Marine  
  145  11:38  Marauder  
  147  11:41  Marauder  
  147  11:44  Marauder  
  147  11:45  Marine x2, Marauder  
  152  11:47  Medivac  
  154  11:57  Supply Depot x2  
  154  11:59  Marauder  
  154  12:00  Supply Depot  
  153  12:03  Marauder, Planetary Fortress  
  153  12:04  Missile Turret  
  153  12:05  Refinery, Medivac, Marauder  
  153  12:06  Refinery  
  153  12:07  SCV  
  160  12:09  SCV x2  
  162  12:15  Liberator  
  162  12:17  Medivac  
  162  12:19  SCV  
  162  12:21  SCV x2  
  167  12:24  Terran Infantry Weapons Level 3  
  167  12:28  Marauder x4, Liberator x2  
  175  12:31  SCV  
  159  12:47  Liberator  
  160  12:58  Liberator  
  147  13:06  Marine, Marauder x3  
  147  13:11  Liberator x2  
  148  13:14  SCV  
  148  13:15  SCV x4  
  152  13:27  SCV x2  
  152  13:30  Liberator  
  152  13:33  Ghost Academy  
  154  13:41  Bunker  
  157  13:54  Liberator  
  157  13:55  Liberator  
  157  13:59  Cyclone, Marauder x4  
  157  14:00  Marine x3  
  157  14:01  Marine  
  173  14:08  Liberator  
  175  14:19  Ghost  
  177  14:26  Ghost x2  
  181  14:38  Liberator x3  
  179  15:01  Ghost  
  179  15:02  Ghost x3  
  183  15:07  Planetary Fortress  
  183  15:30  Ghost  
  170  15:47  Medivac x4  
  170  15:48  Marine, Marauder x3  
  185  16:10  Marine, Marauder x2  
  185  16:11  Marine x7  
  191  16:12  Marauder  
  195  16:31  Marauder  
  197  16:38  Marauder  
  197  16:39  Marauder  
  190  16:52  Ghost x2  
  188  16:58  Marine x5  
  188  16:59  Marine, Marauder  
  188  17:00  Ghost  
  198  17:02  Command Center  
  191  17:12  Command Center  
  191  17:15  Liberator x4  
  185  17:20  Ghost  
  185  17:21  Marauder  
  183  17:31  Command Center  
  183  17:33  Ghost  
  183  17:34  Ghost  
  188  17:42  Ghost  
  178  17:57  Ghost  
  178  17:58  Liberator  
  180  17:59  Marine  
  180  18:01  Ghost  
  180  18:03  Ghost  
  185  18:10  Ghost  
  190  18:26  Ghost  
  190  18:30  Ghost  
  190  18:32  Ghost  
  116  18:43  Ghost  
  116  18:48  Marine x4  
  83  19:02  Marine  
  83  19:03  Marauder x2  
  86  19:16  SCV x3  
  89  19:19  Marine x2  
  89  19:20  Marine  
  92  19:30  SCV x2  
Show
View Real Time Build Order
Export as new Build Order

YellowFox Zerg 

Build Orders: Hatch First, Muta Ling Bane 

Get SALT Encoding   

  12  0:01  Drone  
  13  0:13  Overlord  
  13  0:20  Drone  
  14  0:31  Drone x2  
  14  0:35  Drone  
  17  0:52  Hatchery  
  17  0:56  Drone  
  17  1:00  Extractor, Drone  
  17  1:18  Drone, Spawning Pool  
  16  1:23  Drone  
  18  1:28  Drone  
  19  1:39  Drone  
  20  1:51  Overlord  
  20  2:07  Metabolic Boost, Queen  
  20  2:08  Queen  
  24  2:12  Zergling x4  
  24  2:14  Drone  
  27  2:17  Drone  
  28  2:24  Drone  
  28  2:27  Drone  
  30  2:33  Overlord  
  30  2:38  Drone  
  31  2:44  Pneumatized Carapace  
  31  2:49  Spore Crawler  
  31  2:57  Drone x3  
  34  3:09  Drone x2  
  36  3:15  Overlord  
  36  3:25  Drone x5  
  41  3:30  Hatchery  
  41  3:33  Overlord  
  40  3:39  Drone x2  
  40  3:40  Drone  
  43  3:45  Evolution Chamber  
  43  3:46  Evolution Chamber  
  41  3:51  Drone x4  
  45  3:59  Drone  
  45  4:00  Drone x4  
  49  4:05  Queen  
  49  4:08  Queen  
  53  4:13  Spore Crawler  
  53  4:15  Zerg Melee Weapons Level 1  
  52  4:19  Zerg Ground Armor Level 1  
  52  4:24  Overlord  
  52  4:31  Extractor  
  51  4:33  Overlord  
  51  4:39  Spore Crawler  
  51  4:40  Drone  
  51  4:41  Drone  
  51  4:43  Drone  
  51  4:44  Drone  
  54  4:48  Queen  
  54  4:52  Queen  
  56  4:55  Extractor  
  56  4:56  Extractor  
  56  4:57  Drone x7  
  63  5:13  Baneling Nest  
  61  5:14  Zergling x8  
  61  5:15  Zergling x4  
  67  5:23  Zergling x12  
  67  5:27  Lair  
  73  5:37  Overlord  
  73  5:38  Overlord  
  72  5:54  Overlord x2  
  69  6:07  Drone x7  
  69  6:08  Drone  
  69  6:09  Hatchery  
  72  6:23  Drone x2  
  71  6:42  Drone  
  71  6:43  Drone x4  
  76  6:49  Zerg Melee Weapons Level 2  
  76  6:56  Spire  
  76  6:57  Drone  
  76  7:05  Queen  
  74  7:12  Drone  
  74  7:13  Drone x9  
  82  7:25  Queen  
  83  7:32  Infestation Pit  
  82  7:38  Hatchery  
  82  7:42  Drone x2  
  82  7:43  Drone x3  
  82  7:44  Extractor  
  85  7:45  Extractor, Drone x2  
  85  7:46  Drone  
  87  7:57  Drone, Spore Crawler  
  87  7:58  Zergling x14  
  94  8:00  Baneling x4  
  94  8:01  Baneling  
  94  8:03  Overseer  
  94  8:13  Zerg Ground Armor Level 2  
  94  8:15  Zerg Flyer Weapons Level 1  
  90  8:27  Hive  
  90  8:28  Centrifical Hooks  
  90  8:31  Mutalisk x6  
  102  8:39  Mutalisk  
  104  8:41  Overlord  
  104  8:42  Overlord x2  
  104  8:51  Mutalisk x4  
  109  9:01  Zergling x2  
  109  9:02  Zergling x16  
  117  9:14  Zergling x8  
  117  9:15  Zergling x8  
  125  9:23  Baneling  
  125  9:24  Baneling x15  
  125  9:30  Zergling x2  
  125  9:31  Zergling x16  
  134  9:35  Baneling  
  134  9:36  Baneling x9  
  134  9:40  Overseer  
  134  9:46  Ultralisk Cavern  
  134  9:47  Zergling x6  
  124  10:06  Zergling x2  
  124  10:07  Zergling x32  
  117  10:25  Zergling x2  
  117  10:26  Zergling x12  
  115  10:52  Ultralisk  
  115  10:53  Chitinous Plating, Ultralisk x2  
  115  10:56  Drone x3  
  136  11:05  Overlord  
  136  11:06  Overlord x3  
  136  11:07  Overseer  
  136  11:08  Overseer  
  136  11:11  Baneling x6  
  136  11:12  Baneling x2  
  136  11:16  Baneling x2  
  136  11:17  Baneling x2  
  136  11:26  Zergling x2  
  136  11:27  Zergling x26  
  143  11:37  Drone  
  143  11:38  Drone x7  
  143  11:46  Baneling  
  133  11:47  Baneling x5  
  133  11:56  Ultralisk  
  139  12:10  Zergling x2  
  139  12:11  Zergling x18  
  149  12:17  Zerg Melee Weapons Level 3  
  149  12:40  Zerg Ground Armor Level 3  
  131  12:44  Mutalisk  
  131  12:45  Mutalisk x5  
  131  12:47  Zergling x4  
  138  13:01  Zergling x6  
  138  13:02  Zergling x10  
  134  13:16  Ultralisk  
  128  13:36  Drone x8  
  136  13:49  Adrenal Glands  
  136  13:58  Ultralisk  
  136  14:02  Zergling x12  
  148  14:20  Queen  
  148  14:33  Zergling x24  
  160  14:43  Ultralisk  
  160  14:45  Overlord x2  
  160  15:10  Drone x4  
  160  15:13  Overlord  
  160  15:14  Overlord x2  
  164  15:22  Ultralisk  
  164  15:27  Hatchery  
  179  15:35  Ultralisk x2  
  176  15:49  Spore Crawler  
  175  15:50  Greater Spire  
  173  16:08  Ultralisk x4  
  173  16:10  Drone x3  
  173  16:11  Drone  
  197  16:24  Spore Crawler x3  
  194  16:41  Corruptor x3  
  178  17:04  Corruptor  
  178  17:05  Corruptor  
  179  17:33  Zergling x24  
  187  17:43  Extractor  
  185  17:44  Extractor  
  184  17:53  Corruptor x2  
  188  17:59  Baneling x10  
  188  18:08  Hatchery  
  188  18:10  Overseer x2  
  187  18:18  Spore Crawler  
  186  18:20  Spore Crawler x2  
  186  18:23  Spore Crawler  
  144  18:42  Corruptor x3  
  144  18:43  Corruptor x3  
  144  18:47  Zergling x4  
  121  19:00  Zergling x10  
  120  19:27  Corruptor x4  
  120  19:28  Zergling x2  
  129  19:34  Drone x2  
Tags
 
Add a new tag
Caveats
  • Supply blocks, unpowered buildings, or Contaminate may cause inaccurate times.
  • Supply counts are checked every 10 seconds.